 Dungeon Crawl Stone Soup version 0.19-a0-1187-g948eaf9 (webtiles) character file.

138 AlphabetPasta the Cudgeler (level 1, -4/22 HPs)
             Began as a Troll Chaos Knight on Aug 24, 2016.
             Slain by a gnoll
             ... wielding a +0 halberd
              (8 damage)
             ... on level 1 of the Dungeon.
             The game lasted 00:02:00 (458 turns).

AlphabetPasta the Cudgeler (Troll Chaos Knight)      Turns: 458, Time: 00:02:01

Health: -4/22      AC:  7    Str: 19    XL:     1   Next: 0%
Magic:  0/0        EV: 10    Int: 13    God:    Xom [..*...]
Gold:   9          SH:  0    Dex:  9    Spells: 0 memorised, 0 levels left

rFire  . . .     SeeInvis .     a - +0 mace (chaos)
rCold  . . .     Gourm    +     b - +2 robe
rNeg   . . .     Faith    .     (no shield)
rPois  .         Spirit   .     (helmet restricted)
rElec  .         Dismiss  .     (no cloak)
rCorr  .         Reflect  .     (gloves unavailable)
SustAt .         Harm     .     (boots unavailable)
MR     .....                    (no amulet)
Stlth  +.........               (no ring)
                                (no ring)

@: brilliant, very slightly contaminated, hasted, very quick
A: unfitting armour, claws 3, fast metabolism 3, gourmand, regeneration 2,
shaggy fur 1, tough skin 2
a: Renounce Religion


You were on level 1 of the Dungeon.
You worshipped Xom.
You were a toy of Xom.
You were full.

You visited 1 branch of the dungeon, and saw 1 of its levels.

You collected 9 gold pieces.

Inventory:

Hand Weapons
 a - a +0 mace of chaos (weapon)
Armour
 b - a +2 robe (worn)
Scrolls
 d - a scroll of identify {unknown}
Comestibles
 c - 2 bread rations


   Skills:
 + Level 2.4 Fighting
 + Level 2.6 Maces & Flails
 + Level 1.9 Dodging


You couldn't memorise any spells.
You didn't know any spells.

Dungeon Overview and Level Annotations

Branches:
Dungeon (1/15)
 Temple: D:1-2

Altars:
Nemelex Xobeh


Innate Abilities, Weirdness & Mutations

You are too large for most types of armour.
You have claws for hands.
Your metabolism is lightning-fast.
You like to eat raw meat.
You heal very quickly.
You are covered in fur. (AC +1)
You have very tough skin. (AC +2)


Message History

You hit the gnoll. You freeze the gnoll.
The gnoll is moderately wounded.
The gnoll closely misses you.
You closely miss the gnoll.
The gnoll is moderately wounded.
The gnoll hits you from afar with a halberd.
The gnoll hits you but does no damage.
You hit the gnoll.
The gnoll is moderately wounded.
The gnoll closely misses you.
You barely miss the gnoll.
The gnoll is moderately wounded.
The gnoll hits you with a halberd.
You hit the gnoll. You burn the gnoll.
The gnoll is almost dead.
The gnoll hits you from afar with a halberd!
* * * LOW HITPOINT WARNING * * *
The gnoll hits you with a halberd!
You die...
Xom snickers!

#.# ###### .# ≈≈≈≈>### ...
≈≈..##.# #.# ## ≈.###.<# #..
#.# ###....####### #.##.....
#.....##..... #..#.#.#
.....###...############.....#
...### #........@gg........#
.### #...#######g####.##....
#########..# #.####.# .
......# #..# #[#...g# #
#####.# #..# #...#.g#####...
#.# #..# #..###........#
#.###..# ##..#'#'#.g###g.#
#.##...# #..###.###..# #
#......# #.###._.###g# ..


You could see 3 gnolls.

Vanquished Creatures
  A howler monkey (shapeshifter) (D:1)
  10 gnolls (D:1)
11 creatures vanquished.

Notes
Turn   | Place    | Note
-------+----------+-------------------------------------------
     0 | D:1      | AlphabetPasta the Troll Chaos Knight began the quest for the Orb.
     0 | D:1      | Reached XP level 1. HP: 22/22 MP: 0/0
     7 | D:1      | XOM: harmless Chrm miscast
    43 | D:1      | Found a sparkling altar of Nemelex Xobeh.
    50 | D:1      | Noticed a howler monkey
    50 | D:1      | a gnoll changed into a howler monkey
    52 | D:1      | XOM: harmless Erth miscast
    53 | D:1      | XOM: butterfly on damage
    54 | D:1      | Killed a howler monkey
    58 | D:1      | HP: 1/22 [something (6)]
   165 | D:1      | XOM: smoke on damage
   166 | D:1      | XOM: harmless Hex miscast
   374 | D:1      | XOM: cast spell 'Spider Form'
   379 | D:1      | XOM: potion effect (curing)
   429 | D:1      | XOM: potion effect (brilliance)
   447 | D:1      | XOM: potion effect (haste)
   458 | D:1      | Slain by a gnoll

Vault maps used:
D:1:      evilmike_arrival_crescent, nemelex_diamond_rough_becter

Action                   || total
-------------------------++-------
Melee: Mace              ||    51
       Unarmed           ||    11
  Use: Scroll            ||     1
       Potion            ||     1
  Eat: Chunk             ||     3
Armor: Robe              ||    17
Dodge: Dodged            ||    35
